 Dungeon Crawl Stone Soup version 0.30-b1-5-g8e6c1be481 (webtiles) character file.

Game seed: 11576654269082203154

1235 buriedalive the Frost Mage (level 8, -1/41 HPs)
             Began as a Deep Elf Ice Elementalist on May 4, 2023.
             Was an Initiate of Ashenzari.
             Slain by a kobold brigand
             ... wielding a +0 halberd
              (14 damage)
             ... on level 5 of the Dungeon.
             The game lasted 00:12:21 (4958 turns).

buriedalive the Frost Mage (DEIE)                   Turns: 4958, Time: 00:12:21

Health: -1/41      AC:  7    Str:  5    XL:     8   Next: 24%
Magic:  12/18      EV: 21    Int: 23    God:    Ashenzari [......]
Gold:   250        SH:  0    Dex: 15    Spells: 10/17 levels left

rFire   . . .        q - +1 dagger (elec)
rCold   . . .        (no shield)
rNeg    + . .        l - +2 robe {rN+}
rPois   .            (no helmet)
rElec   .            m - scarf {+Inv}
rCorr   .            j - +2 pair of gloves of Ashenzari's Gnosis {Self, Range} (curse)
SInv    .            (no boots)
Will    .....        (no amulet)
Stlth   ++           v - +5 ring of evasion
HPRegen 0.26/turn    (no ring)
MPRegen 0.16/turn

%: no passive effects
@: slowed, very slow
A: no striking features
a: Renounce Religion, Evoke Invisibility, Shatter the Chains


You were on level 5 of the Dungeon.
You worshipped Ashenzari.
Ashenzari was noncommittal.
You visited 2 branches of the dungeon, and saw 6 of its levels.

You collected 250 gold pieces.

Inventory:

Hand Weapons
 g - a +0 dagger
 k - a +0 rapier
 p - a +1 dagger of holy wrath
 q - a +1 dagger of electrocution (weapon)
Missiles
 o - 2 poisoned darts
 s - 49 stones
Armour
 a - a +0 robe
 j - the cursed +2 pair of gloves of Ashenzari's Gnosis (worn) {Self, Range}
   (You found it on level 1 of the Dungeon)

   It has a curse which improves the following skills: Introspection: Fighting
   and Spellcasting.
   Ranged Combat: Ranged Weapons and Throwing.
 l - a +2 robe of positive energy (worn)
 m - a scarf of invisibility (worn)
Jewellery
 v - a +5 ring of evasion (left hand)
Scrolls
 f - a scroll of fog
 n - a scroll of vulnerability
Potions
 b - a potion of magic
 c - a potion of brilliance {unknown}
 d - a potion of cancellation {unknown}
 e - 2 potions of attraction
 h - 5 potions of heal wounds
 i - 4 potions of curing
 w - a potion of lignification
 x - 2 potions of flight {unknown}


   Skills:
 + Level 8.3 Dodging
 - Level 2.4 Stealth
 - Level 5.0(5.3) Spellcasting
 + Level 8.6 Ice Magic


You had 10 spell levels left.
You knew the following spells:

 Your Spells              Type           Power      Damage    Failure   Level
a - Freeze                Ice            100%       1d10      1%          1
b - Ozocubu's Armour      Ice            45%        N/A       1%          3
c - Frozen Ramparts       Ice            90%        1d14      1%          3

Your spell library contained the following spells:

 Spells                   Type           Power      Damage    Failure   Level
 Sandblast                Erth           12%        2d6       9%          1
 Passwall                 Tmut/Erth      5%         N/A       14%         2
 Summon Ice Beast         Ice/Summ       25%        N/A       16%         4
 Stone Arrow              Conj/Erth      12%        3d7       26%         3


Dungeon Overview and Level Annotations

Branches:
Dungeon (5/15)             Temple (1/1) D:4

Altars:
Ashenzari
Cheibriados
Dithmenos
Elyvilon
Gozag
Hepliaklqana
Kikubaaqudgha
Nemelex Xobeh
Qazlal
Ru
Sif Muna
Trog
Uskayaw
Vehumet
Xom
Yredelemnul

Shops:
D:4 (


Message History

Press: ? - help, Shift-Dir - straight line, f - kobold brigand
Aim: a kobold brigand, wielding a +0 halberd and quivering curare-tipped darts (50% to hit)
You throw a poisoned dart.
The poisoned dart closely misses the kobold brigand.
The kobold brigand misses you.
Your icy armour and frozen ramparts will break if you move.
Continue? [Y]es or [N]o only, please.
Your icy armour and frozen ramparts will break if you move.
Continue?
Okay, then.
Your icy armour and frozen ramparts will break if you move.
Continue?
Your icy armour cracks and falls away as you move.
The frozen ramparts melt away as you move.
The kobold brigand throws a curare-tipped dart.
The curare-tipped dart hits you.
You are poisoned.
You have difficulty breathing.
* * * LOW HITPOINT WARNING * * *
You feel yourself slow down.
* * * LOW HITPOINT WARNING * * *
You feel very sick.
The kobold brigand throws a curare-tipped dart.
The curare-tipped dart closely misses you.
You feel much better.
You feel sick.
You feel sick.
You feel sick.
The kobold brigand throws a curare-tipped dart.
The curare-tipped dart misses you.
You feel sick.
Things that are here:
a +0 dagger; a stone; a kobold corpse You feel sick.
You are no longer poisoned.
The kobold brigand hits you from afar with a +0 halberd!
The kobold brigand hits you with a +0 halberd!
Things that are here:
a +0 short sword of speed; a kobold corpse; a kobold corpse The kobold brigand throws a curare-tipped dart.
The curare-tipped dart completely misses you.
The kobold brigand hits you from afar with a +0 halberd!
You die...

##.....<).......#.#.
........##.....#...#
.......#####.)#.#.#.
.##....# ##....#..
###♣....# ###.#.#.
##P♣.....# #.#...#
#♣...K)...# ##.#.#.
##♣....#)...#
#...#..
#....♣.#@####
##.#.#.
...♣♣♣♣..♣###)#
#.#...# ......)))#
#.# ##.#.#.
.......)## ♣.#
#...#.. ....♣..##
♣.# ##^#.#. .(...##
#.# #.#...# .....
#.# ##.#.#. .... #.#
###.## ... #.#
#.....


You could see a kobold brigand.

Vanquished Creatures
  Prince Ribbit (D:5)
  A water moccasin (D:5)
  An ice beast (D:5)
  A black bear (D:5)
  An ogre (D:5)
  A phantom (D:5)
  A scorpion (D:5)
  A howler monkey (D:5)
  2 orc priests
  3 iguanas
  A sleepcap (D:4)
  Natasha (thrice) (D:2)
  2 orc wizards (D:5)
  5 adders
  3 gnolls (D:4)
  A white imp (D:5)
  A worm (D:3)
  3 dart slugs
  15 orcs
  10 bats
  8 endoplasms
  2 giant cockroaches
  7 goblins
  8 hobgoblins
  9 jackals
  18 kobolds
  3 quokkas
  4 ball pythons
  4 frilled lizards (D:1)
  5 rats
125 creatures vanquished.

Vanquished Creatures (others)
  45 plants
45 creatures vanquished.

Grand Total: 170 creatures vanquished

Notes
Turn   | Place    | Note
-------+----------+-------------------------------------------
     0 | D:1      | buriedalive the Deep Elf Ice Elementalist began the quest
                  | for the Orb.
     0 | D:1      | Reached XP level 1. HP: 10/10 MP: 6/6
    81 | D:1      | Found a faded altar of an unknown god.
   219 | D:1      | Reached XP level 2. HP: 15/15 MP: 6/8
   626 | D:1      | Reached XP level 3. HP: 19/19 MP: 10/10
  1014 | D:2      | Noticed Natasha
  1023 | D:2      | Killed Natasha
  1024 | D:2      | Reached skill level 5 in Ice Magic
  1049 | D:2      | Reached XP level 4. HP: 19/24 MP: 10/12
  1403 | D:2      | Noticed Natasha
  1423 | D:2      | Killed Natasha
  1603 | D:2      | Noticed Natasha
  1680 | D:2      | Killed Natasha
  1850 | D:3      | Reached XP level 5. HP: 28/28 MP: 11/14
  2419 | D:3      | Reached skill level 5 in Spellcasting
  2804 | D:4      | Learned a level 3 spell: Ozocubu's Armour
  2808 | D:4      | Learned a level 3 spell: Frozen Ramparts
  2853 | D:4      | Found Caschust's Antique Weapon Emporium.
  2871 | D:4      | Found a staircase to the Ecumenical Temple.
  2905 | D:4      | Found a glowing drain.
  2923 | Temple   | Entered the Ecumenical Temple
  3095 | Temple   | Became a worshipper of Ashenzari the Shackled
  3514 | D:4      | Found a hide-covered altar of Uskayaw.
  3597 | D:4      | Reached skill level 5 in Dodging
  3597 | D:4      | Reached XP level 6. HP: 28/32 MP: 11/15
  4018 | D:5      | Entered Level 5 of the Dungeon
  4148 | D:5      | Reached XP level 7. HP: 36/36 MP: 0/16
  4200 | D:5      | Noticed Prince Ribbit
  4209 | D:5      | Killed Prince Ribbit
  4460 | D:5      | Reached XP level 8. HP: 39/41 MP: 9/18
  4958 | D:5      | Slain by a kobold brigand

Illustrated notes

Levels and vault maps discovered:
D:1:      minmay_arrival_semitransparent, layout_loops_ring,
          ebering_ecumenical_altar_webs
D:2:      layout_basic, uniq_natasha
D:3:      layout_rooms
D:4:      layout_gridville, mainiacjoe_overflow_24_doors,
          minmay_temple_entry_overgrown, serial_shops, shop,
          gup_sewer_entry_glass
D:5:      kennysheep_kobold_camp, layout_rooms, kennysheep_crisscross,
          uniq_prince_ribbit1
Temple:   bh_familiar_temple

Skill      XL: |  1  2  3  4  5  6  7  8 |
---------------+-------------------------+-----
Dodging        | 3 4 5 6 7 8 |  8.3
Spellcasting   | 4 5 |  5.0
Ice Magic      | 5 6 8 |  8.6
Stealth        | |  2.4

Action                     |  1- 3 |  4- 6 |  7- 9 || total
---------------------------+-------+-------+-------++-------
  Melee: Unarmed           |     2 |       |       ||     2
         Dagger            |    23 |       |     3 ||    26
         Rapier            |       |    41 |    52 ||    93
         Punch             |       |     1 |     1 ||     2
  Throw: Dart              |       |       |     2 ||     2
   Cast: Freeze            |    34 |    77 |    15 ||   126
         Frozen Ramparts   |       |     5 |     9 ||    14
         Ozocubu's Armour  |       |     4 |     9 ||    13
 Invoke: Curse Item        |       |       |     1 ||     1
Ability: Evoke Invisibilit |       |     2 |       ||     2
    Use: Scroll            |     5 |     1 |    10 ||    16
         Potion            |       |       |     2 ||     2
   Stab: Sleeping          |     9 |     3 |       ||    12
         Invisible         |       |     1 |       ||     1
         Distracted        |       |       |     1 ||     1
 Armour: Robe              |    14 |    21 |    17 ||    52
  Dodge: Dodged            |    30 |    81 |    87 ||   198
